AoeStats
← [taberna] carlos3g

Arena

513063749Analyzed
4v4 RM · 7d ago on Oct 12, 2026· 57m 32s· 8 players
Game mode
Random Map
Map size
Large (8 player)
Population
200
Speed
Normal
Resources
Standard
Victory
Conquest
Starting age
Dark Age
Ending age
Imperial Age
RankedLock teamsTeams togetherTeam positionsShared explorationLock speedFull tech treeHidden civsTurbo modeCheats
Victory
Defeat
🇧🇷 Bulgarians · Brazil
758
+14
🇧🇷 Gurjaras · Brazil
739
+15
🇧🇷 Danes · Brazil
737
+15
🇧🇷 Britons · Brazil
678
+17
vs
🇲🇽 Aztecs · Mexico
739
-16
🇨🇱 Romans · Chile
721
-16
🇲🇽 Britons · Mexico
702
-15
🇲🇽 Persians · Mexico
680
-14
JakeElPerro
0:28 Loom
12:31 Feudal Age
13:56 Wheelbarrow
18:05 Castle Age
16:47 Double-Bit Axe
16:51 Horse Collar
17:28 Arson
20:22 Squires
21:05 Pikeman
25:30 Hand Cart
30:12 Imperial Age
27:35 Stone Mining
27:38 Gold Mining
28:26 Bow Saw
28:25 Heavy Plow
29:35 Caravan
30:41 Gold Shaft Mining
30:13 Town Watch
31:58 Scale Mail Armor
32:09 Forging
31:49 Fletching
31:59 Padded Archer Armor
34:51 Ballistics
35:32 Chemistry
35:53 Leather Archer Armor
35:33 Bodkin Arrow
36:17 Iron Casting
35:57 Chain Mail Armor
36:23 Conscription
37:25 Yeomen
39:13 Leather Archer Armor
lothal
0:30 Loom
14:10 Feudal Age
15:39 Horse Collar
15:24 Man-at-Arms
18:47 Scale Mail Armor
20:30 Double-Bit Axe
25:59 Castle Age
37:27 Imperial Age
34:46 Town Watch
35:39 Wheelbarrow
36:34 Bow Saw
36:40 Heavy Plow
38:54 Crop Rotation
39:17 Ballistics
39:59 Chemistry
39:01 Gold Mining
39:04 Stone Mining
38:49 Capped Ram
38:55 Long Swordsman
39:36 Squires
38:56 Pikeman
40:18 Heavy Scorpion
40:22 Legionary
41:24 Chain Mail Armor
41:20 Forging
41:50 Gold Shaft Mining
42:15 Fortified Wall
42:45 Siege Ram
46:59 Comitatenses
47:07 Conscription
48:54 Iron Casting
48:25 Scale Barding Armor
48:48 Town Patrol
49:05 Hand Cart
51:59 Blast Furnace
51:20 Chain Barding Armor
56:34 Bloodlines
55:44 Light Cavalry
56:25 Husbandry
57:03 Plate Barding Armor
56:29 Halberdier
arhogamer
0:44 Loom
13:47 Feudal Age
15:11 Wheelbarrow
14:18 Horse Collar
14:26 Double-Bit Axe
14:36 Stone Mining
14:40 Gold Mining
19:31 Man-at-Arms
24:21 Castle Age
25:08 Bloodlines
25:18 Hand Cart
25:31 Bow Saw
25:41 Heavy Plow
25:55 Caravan
35:13 Imperial Age
36:36 Conscription
36:17 Kamandaran
38:20 Chemistry
37:41 Ballistics
37:11 Guard Tower
37:12 Heated Shot
37:17 Murder Holes
37:32 Masonry
37:47 Scale Barding Armor
37:42 Scale Mail Armor
37:52 Forging
37:33 Fletching
37:43 Padded Archer Armor
38:37 Elite War Elephant
40:22 Crossbowman
41:08 Thumb Ring
42:07 Elite Skirmisher
45:20 Citadels
44:41 Sappers
45:46 Hoardings
45:14 Husbandry
44:48 Cavalier
Pastor89
2:57 Loom
10:23 Feudal Age
11:06 Man-at-Arms
11:59 Double-Bit Axe
11:59 Horse Collar
18:28 Scale Mail Armor
19:06 Forging
20:47 Gold Mining
23:42 Wheelbarrow
31:12 Castle Age
29:29 Stone Mining
29:54 Padded Archer Armor
29:46 Fletching
33:21 Heavy Plow
33:39 Gambesons
36:58 Bow Saw
37:49 Gold Shaft Mining
37:55 Long Swordsman
38:41 Squires
39:28 Leather Archer Armor
40:55 Stone Shaft Mining
41:21 Pikeman
41:34 Elite Skirmisher
44:49 Chain Mail Armor
44:30 Treadmill Crane
45:19 Bodkin Arrow
JohnnieWalker
10:02 Loom
11:57 Feudal Age
16:23 Forging
16:14 Scale Mail Armor
17:33 Gold Mining
17:34 Double-Bit Axe
20:55 Castle Age
20:03 Horse Collar
23:53 Bow Saw
25:44 Wheelbarrow
29:42 Imperial Age
29:02 Heavy Plow
29:08 Gambesons
30:22 Squires
31:29 Iron Casting
30:20 Capped Ram
34:27 Pikeman
36:20 Onager
39:14 Blast Furnace
41:04 Halberdier
43:42 Siege Onager
TheuzzLivee
11:56 Feudal Age
15:18 Double-Bit Axe
19:25 Castle Age
19:11 Scale Barding Armor
21:10 Forging
24:22 Fletching
28:27 Imperial Age
25:55 Elite Skirmisher
29:46 Gold Mining
32:46 Ballistics
34:34 Light Cavalry
34:39 Heavy Camel Rider
44:31 Wheelbarrow
44:10 Bow Saw
45:54 Chain Barding Armor
46:09 Iron Casting
46:25 Hussar
47:15 Bloodlines
50:11 Hand Cart
49:39 Horse Collar
56:19 Plate Barding Armor
55:56 Loom
55:56 Town Watch
56:11 Murder Holes
56:27 Fortified Wall
56:32 Masonry
56:03 Treadmill Crane
56:13 Heated Shot
[taberna] carlos3g
10:25 Feudal Age
12:33 Double-Bit Axe
12:34 Horse Collar
17:26 Gold Mining
20:01 Castle Age
20:18 Stone Mining
21:09 Bow Saw
21:29 Loom
22:45 Heavy Plow
28:11 Imperial Age
28:33 Scale Mail Armor
29:35 Wheelbarrow
30:31 Gold Shaft Mining
30:33 Stone Shaft Mining
30:24 Town Watch
31:18 Forging
33:11 Squires
33:31 Chain Mail Armor
33:51 Iron Casting
33:42 Conscription
33:29 Elite Varangian Guard
36:39 Chemistry
36:00 Ballistics
36:52 Town Patrol
37:08 Hand Cart
37:46 Plate Mail Armor
38:28 Blast Furnace
37:41 Arson
37:23 Hamask
40:09 Fletching
40:19 Padded Archer Armor
39:47 Elite Jomsviking
41:49 Caravan
42:29 Coinage
42:36 Bodkin Arrow
43:03 Leather Archer Armor
45:15 Banking
45:08 Gambesons
segfault
5:05 Loom
11:25 Feudal Age
13:57 Horse Collar
18:33 Double-Bit Axe
21:48 Castle Age
23:31 Bow Saw
25:51 Elite Skirmisher
29:29 Ballistics
29:10 Murder Holes
29:22 Light Cavalry
35:00 Wheelbarrow
34:22 Town Watch
34:53 Stone Mining
34:54 Gold Mining
39:16 Imperial Age
37:49 Caravan
38:22 Coinage
39:12 Hand Cart
41:06 Chemistry
39:51 Treadmill Crane
40:07 Murder Holes
41:35 Padded Archer Armor
41:26 Fletching
41:14 Elite Longbowman
43:07 Bodkin Arrow
43:27 Leather Archer Armor
43:53 Bracer
46:11 Ring Archer Armor
48:31 Yeomen
51:45 Fortified Wall
Connection lost

Rejoining the realm…

Still unreachable

The connection could not be restored.

Session expired

The server has moved on; the page needs a fresh start.